Map: New Repugnancy LE

Players

gumiho - Winner!

  • Race: Terran Terran
  • Spawn Location: 7:00

INnoVation

  • Race: Terran Terran
  • Spawn Location: 1:00

Event: IEM Season 13: Katowice (2019)

VOD

Have the link to the VOD?

Description

Time

  • Played on: March 1, 2019, 6:25 a.m.
  • Length: 17:05

All games in this series

Show
View Real Time Build Order
Export as new Build Order

gumiho Terran - Winner!

Build Orders: Mech 

Get SALT Encoding   

  12  0:00  SCV  
  13  0:12  SCV  
  14  0:17  Supply Depot  
  14  0:24  SCV  
  14  0:28  Refinery  
  15  0:38  SCV  
  16  0:44  Barracks  
  16  0:50  SCV  
  16  0:55  Refinery  
  17  1:02  SCV  
  18  1:14  SCV  
  19  1:27  SCV  
  19  1:30  Reaper  
  21  1:32  Factory  
  21  1:39  Orbital Command  
  21  1:48  Supply Depot  
  21  2:02  Reaper  
  21  2:04  SCV  
  23  2:16  SCV, Hellion  
  26  2:24  Command Center  
  26  2:28  SCV  
  27  2:34  Supply Depot  
  27  2:35  Reaper  
  27  2:39  Hellion  
  27  2:43  SCV  
  30  2:50  Starport  
  30  2:55  SCV  
  31  3:01  Hellion  
  33  3:08  Barracks Tech Lab, SCV  
  34  3:20  SCV  
  34  3:26  Starport Tech Lab  
  34  3:34  Refinery  
  34  3:35  Orbital Command, SCV  
  34  3:39  Cyclone  
  38  3:47  Raven, SCV  
  41  3:56  Refinery  
  41  3:57  Barracks Reactor  
  41  3:59  SCV  
  41  4:01  SCV  
  43  4:06  Supply Depot  
  41  4:11  SCV  
  41  4:13  SCV  
  41  4:16  Cyclone  
  44  4:23  SCV  
  45  4:25  SCV  
  46  4:32  Raven  
  46  4:35  SCV  
  46  4:38  SCV  
  50  4:47  Command Center  
  50  4:48  SCV  
  50  4:50  SCV  
  52  4:55  Supply Depot  
  52  4:57  Cyclone  
  55  5:01  Mag-Field Accelerator  
  55  5:03  SCV  
  55  5:05  SCV  
  55  5:15  SCV  
  55  5:17  Raven, SCV  
  59  5:27  SCV  
  60  5:29  SCV, Cyclone  
  60  5:31  Factory  
  64  5:36  Supply Depot  
  64  5:39  Supply Depot  
  64  5:40  SCV  
  65  5:44  SCV  
  65  5:52  SCV  
  65  5:56  SCV  
  67  6:02  Cyclone  
  70  6:04  SCV  
  70  6:09  SCV  
  72  6:13  Orbital Command  
  72  6:16  SCV  
  73  6:19  Viking x2  
  73  6:21  SCV  
  78  6:28  SCV  
  74  6:33  SCV  
  74  6:34  Supply Depot  
  74  6:37  Siege Tank x2  
  74  6:39  SCV  
  82  6:40  SCV  
  82  6:41  Supply Depot  
  82  6:45  SCV  
  84  6:49  Factory  
  84  6:51  SCV  
  84  6:53  SCV  
  86  6:58  SCV  
  87  7:02  Viking x2  
  87  7:03  SCV  
  87  7:05  SCV  
  89  7:17  SCV x3  
  89  7:19  Siege Tank x2  
  89  7:20  Refinery  
  98  7:24  Refinery  
  98  7:25  Engineering Bay  
  98  7:30  SCV x2  
  98  7:31  SCV  
  98  7:35  Armory  
  98  7:36  Factory Reactor  
  101  7:38  Armory  
  101  7:42  SCV x2  
  101  7:43  SCV  
  104  7:51  Siege Tank  
  107  7:55  Viking x2  
  107  7:58  SCV  
  112  8:03  SCV  
  112  8:04  SCV  
  114  8:06  Supply Depot  
  114  8:08  Siege Tank, Supply Depot  
  114  8:11  Supply Depot  
  117  8:22  Sensor Tower x2  
  117  8:24  Command Center  
  117  8:25  Supply Depot  
  117  8:26  Supply Depot x2  
  117  8:28  SCV x2, Viking  
  121  8:34  Terran Vehicle Weapons Level 1  
  121  8:35  Supply Depot x2  
  121  8:36  Terran Vehicle And Ship Armor Level 1  
  121  8:49  Missile Turret, Siege Tank  
  121  8:50  Missile Turret  
  121  8:52  SCV x2  
  126  8:59  Supply Depot  
  126  9:00  Viking  
  128  9:02  Supply Depot  
  128  9:03  Missile Turret, Supply Depot  
  128  9:05  Viking  
  128  9:09  Siege Tank  
  130  9:20  Hellion  
  130  9:21  Siege Tank, Hellion  
  137  9:31  Factory  
  137  9:33  Factory  
  137  9:36  Missile Turret  
  137  9:37  Viking x2  
  141  9:41  Siege Tank  
  141  9:43  Hellion x2  
  148  9:47  Infernal Pre-Igniter  
  148  9:51  SCV x3  
  151  10:02  Missile Turret  
  151  10:03  Refinery  
  151  10:05  Missile Turret  
  151  10:06  Missile Turret  
  151  10:07  Siege Tank  
  151  10:09  Refinery, Viking  
  151  10:13  Siege Tank, Viking  
  161  10:20  Planetary Fortress  
  155  10:32  Factory Reactor, Factory Tech Lab, Hellion x2  
  151  10:40  Viking  
  153  10:42  Sensor Tower  
  153  10:45  Siege Tank  
  153  10:46  Hellion  
  153  10:47  Viking  
  160  10:53  Command Center, Hellion  
  160  10:55  Command Center  
  162  10:58  Siege Tank  
  162  11:01  Terran Vehicle And Ship Armor Level 2  
  162  11:03  Terran Ship Weapons Level 1  
  165  11:14  Starport  
  165  11:17  Starport  
  165  11:28  Missile Turret  
  165  11:29  Missile Turret  
  165  11:30  Missile Turret  
  165  11:35  Thor  
  165  11:36  Thor  
  165  11:37  Hellion x3  
  165  11:38  Hellion x2  
  183  11:58  Starport Reactor, Starport Tech Lab  
  183  11:59  Fusion Core  
  183  12:00  Hellion x3  
  187  12:01  Hellion  
  177  12:21  Viking x3  
  164  12:31  Thor x3  
  164  12:33  Hellion x2  
  164  12:34  Orbital Command, Hellion x2  
  164  12:35  Orbital Command  
  186  12:50  Viking x2  
  178  12:51  Viking x3  
  184  13:17  Siege Tank  
  177  13:20  Viking x2  
  177  13:21  Viking  
  177  13:23  Viking x2  
  179  13:47  Orbital Command, Cyclone  
  179  13:48  Cyclone, Hellion  
  187  13:49  Hellion x3  
  187  13:50  Viking x2  
  187  13:51  Viking  
  199  14:08  Terran Vehicle And Ship Armor Level 3, Terran Ship Weapons Level 2  
  199  14:10  Liberator  
  199  14:11  Liberator  
  177  14:20  Cyclone  
  177  14:21  Cyclone  
  177  14:23  Hellion x3  
  173  14:24  Hellion x2  
  179  14:44  Hellion x2  
  179  14:45  Siege Tank, Hellion x2  
  190  14:48  Refinery  
  190  14:49  Refinery  
  192  14:53  Hellion  
  192  14:55  Hellion  
  194  15:06  Hellion x3  
  198  15:24  Cyclone  
  198  15:25  Cyclone x2  
  198  15:26  Hellion  
  198  15:27  Hellion x3  
  170  15:37  Viking x2  
  174  15:47  Hellion  
  174  15:49  Hellion x3  
  180  15:52  Hellion  
  180  15:56  Hellion  
  173  15:58  Hellion x2  
  174  16:09  Hellion  
  174  16:10  Hellion x3  
  175  16:17  Cyclone  
  152  16:19  Cyclone, Hellion  
  152  16:25  Viking  
  157  16:30  Hellion  
  157  16:31  Hellion x2  
  157  16:32  Hellion  
  161  16:41  Hellion  
Show
View Real Time Build Order
Export as new Build Order

INnoVation Terran 

Build Orders:  

Get SALT Encoding   

  12  0:00  SCV  
  13  0:12  SCV  
  14  0:17  Supply Depot  
  14  0:24  SCV  
  14  0:27  Refinery  
  15  0:38  SCV  
  16  0:44  Barracks  
  16  0:50  SCV  
  16  0:54  Refinery  
  17  1:03  SCV  
  18  1:15  SCV  
  19  1:30  Orbital Command  
  19  1:32  Reaper  
  20  1:37  Factory  
  20  1:51  Supply Depot  
  20  1:56  SCV  
  21  2:04  Reaper  
  22  2:08  SCV  
  23  2:21  SCV, Hellion  
  26  2:30  Command Center  
  26  2:34  SCV  
  27  2:38  Reaper  
  27  2:42  Hellion  
  30  2:47  Supply Depot  
  30  2:48  SCV  
  31  3:02  Starport  
  31  3:03  Factory Tech Lab  
  31  3:08  SCV  
  31  3:10  Barracks Tech Lab  
  32  3:20  SCV  
  32  3:23  Cyclone  
  36  3:28  Refinery  
  36  3:33  SCV  
  35  3:43  Orbital Command  
  35  3:45  Raven, SCV  
  35  3:48  Barracks Reactor  
  38  3:57  SCV  
  38  4:01  Cyclone  
  42  4:09  SCV  
  43  4:12  SCV  
  42  4:21  SCV  
  42  4:23  Command Center  
  42  4:24  SCV  
  42  4:27  Raven, Marine  
  42  4:28  Marine  
  47  4:33  SCV  
  47  4:36  SCV  
  47  4:37  Supply Depot  
  49  4:41  Siege Tank  
  50  4:46  Refinery  
  50  4:48  SCV  
  50  4:49  SCV  
  50  4:50  Marine  
  50  4:51  Marine  
  54  4:59  Supply Depot  
  54  5:01  SCV x2  
  56  5:13  Siege Tank, SCV  
  62  5:16  SCV  
  61  5:22  Viking x2  
  61  5:25  SCV  
  61  5:27  Stimpack, Marine  
  67  5:28  SCV  
  67  5:33  Supply Depot  
  68  5:36  Orbital Command  
  68  5:38  SCV  
  69  5:44  Marine  
  69  5:45  Siege Tank  
  69  5:48  SCV  
  74  5:50  SCV  
  74  5:52  Viking  
  74  5:53  Viking  
  79  6:01  SCV x2  
  79  6:02  Supply Depot, Marine  
  80  6:12  Orbital Command  
  80  6:16  SCV x2  
  80  6:17  Barracks  
  80  6:18  Barracks  
  82  6:19  Siege Tank  
  82  6:20  Marine  
  86  6:29  SCV x2  
  86  6:31  Engineering Bay, Supply Depot  
  86  6:32  Engineering Bay  
  86  6:39  SCV  
  87  6:41  SCV x2  
  87  6:43  Barracks  
  87  6:45  Barracks  
  89  6:47  Marine  
  89  6:51  Siege Tank, SCV  
  89  6:53  SCV x2, Supply Depot  
  96  7:01  Terran Infantry Armor Level 1, Terran Infantry Weapons Level 1  
  90  7:06  SCV x3  
  85  7:17  Barracks Tech Lab  
  85  7:18  Barracks Reactor, SCV  
  85  7:19  SCV x2  
  85  7:20  Refinery x2  
  88  7:25  Siege Tank  
  88  7:27  Missile Turret  
  91  7:30  SCV  
  91  7:31  Barracks Tech Lab, SCV x2  
  91  7:32  Barracks Reactor  
  94  7:37  Combat Shield  
  94  7:38  Concussive Shells  
  94  7:43  SCV x3  
  97  7:46  Viking x2  
  97  7:47  Marauder  
  103  7:54  Marauder x2  
  103  7:55  SCV  
  103  7:56  SCV x2  
  103  7:58  Supply Depot  
  110  7:59  Marine x2  
  110  8:02  Siege Tank  
  115  8:07  SCV  
  115  8:08  SCV  
  115  8:09  Armory  
  115  8:10  Supply Depot  
  117  8:17  Supply Depot  
  117  8:19  SCV, Medivac x2  
  122  8:21  Missile Turret  
  122  8:24  Sensor Tower  
  122  8:26  Marine x2  
  122  8:27  Marine  
  124  8:31  Marine, Supply Depot x2  
  126  8:34  Siege Tank  
  126  8:37  Supply Depot x2  
  126  8:40  SCV x3  
  131  8:49  Viking x2  
  135  8:57  Terran Infantry Weapons Level 2  
  135  8:59  Command Center, Terran Ship Weapons Level 1  
  135  9:05  Terran Infantry Armor Level 2  
  135  9:16  Marauder x2  
  139  9:17  Marauder  
  139  9:19  SCV x2  
  139  9:20  SCV  
  142  9:26  Starport x2  
  142  9:28  Fusion Core  
  142  9:30  Viking  
  144  9:32  Factory Reactor  
  144  9:36  SCV x2, Viking  
  144  9:37  SCV  
  149  9:42  Missile Turret  
  149  9:45  Refinery  
  149  9:46  Refinery  
  149  9:48  SCV  
  149  9:49  SCV x2  
  152  10:00  Viking  
  152  10:06  Viking  
  156  10:10  Liberator x2  
  156  10:11  Marauder x3  
  162  10:14  Command Center  
  162  10:15  Orbital Command  
  162  10:17  Liberator  
  162  10:18  Liberator  
  162  10:19  Advanced Ballistics  
  167  10:36  Viking  
  167  10:41  Supply Depot x2  
  172  11:03  Command Center  
  172  11:04  Terran Ship Weapons Level 2  
  172  11:06  Viking  
  172  11:10  Armory, Viking x2  
  178  11:17  Viking  
  180  11:18  Viking  
  180  11:20  Terran Infantry Weapons Level 3  
  180  11:22  Marine x4  
  186  11:29  Orbital Command  
  186  11:30  Barracks  
  186  11:34  Barracks  
  186  11:37  Viking  
  188  11:40  Viking x2  
  188  11:41  Barracks  
  188  11:44  Marauder x3  
  197  11:47  Viking  
  197  11:55  Terran Infantry Armor Level 3  
  197  12:02  Command Center, Refinery  
  197  12:03  Refinery  
  187  12:16  Marauder x3  
  187  12:19  Viking  
  187  12:20  Viking x4  
  197  12:24  Marine x4  
  197  12:28  Barracks Tech Lab x2, Barracks Reactor  
  191  12:34  Liberator  
  191  12:39  Marauder x3  
  191  12:43  Marine x2  
  191  12:44  Marine  
  196  12:54  Liberator  
  196  12:55  Liberator  
  196  12:56  Liberator  
  196  12:57  Terran Vehicle And Ship Armor Level 1  
  199  12:59  Liberator  
  183  13:27  Orbital Command  
  181  13:28  Marauder x2  
  181  13:29  Marauder x2, Planetary Fortress  
  181  13:32  Command Center, Marine x3  
  181  13:33  Command Center  
  192  13:35  Command Center  
  192  13:45  Viking  
  194  13:54  Viking  
  194  13:55  Viking  
  198  13:56  Viking, Marine  
  200  14:07  Terran Ship Weapons Level 3  
  200  14:10  Refinery x2  
  200  14:12  Starport x2  
  200  14:15  Starport  
  177  14:18  Viking x2  
  177  14:20  Marauder x2, Marine  
  177  14:21  Marine  
  177  14:22  Marine  
  177  14:23  Marine  
  159  14:24  Viking  
  159  14:25  Viking, Marine x2  
  159  14:30  Viking  
  164  14:36  Marauder  
  164  14:37  Marauder x2  
  170  14:38  Marine  
  170  14:39  Marine  
  170  14:40  Marine  
  170  14:41  Marauder x2, Marine  
  170  14:42  Marine  
  170  14:43  Marine  
  180  14:48  Viking x2  
  180  14:52  Orbital Command  
  183  14:54  Viking  
  183  14:55  Viking  
  183  14:56  Marine  
  183  14:57  Marine  
  183  14:58  Marauder x3, Marine  
  183  14:59  Viking, Marine  
  197  15:00  Marine  
  200  15:27  Marauder x4  
  200  15:28  Marine x5  
  165  15:30  Viking x5  
  153  15:41  Marauder, Marine  
  154  15:45  Marine  
  154  15:48  Marauder x4  
  147  15:59  Marine  
  147  16:00  Viking x3  
  147  16:02  Marauder  
  147  16:03  Viking  
  157  16:09  Marauder  
  94  16:22  Marauder x3  
  94  16:23  Marine x3  
  94  16:24  Marauder  
  60  16:28  Medivac  
  60  16:30  Medivac  
  60  16:32  Marine  
  58  16:34  Marine x2  
  58  16:35  Marine  
  58  16:43  Marauder x2  
  58  16:44  Marine  

Tags
 
Add a new tag
Caveats
  • Supply blocks, unpowered buildings, or Contaminate may cause inaccurate times.
  • Supply counts are checked every 10 seconds.